 Dungeon Crawl Stone Soup version 0.23.1-44-gbd83930989 (webtiles) character file.

Game seed: 16332068598009088067

1454 Norn the Changer (level 8, -18/69 HPs)
             Began as a Red Draconian Transmuter on Mar 31, 2019.
             Was a Believer of Makhleb.
             Hit by a tomahawk thrown by an orc warrior (21 damage)
             ... on level 6 of the Dungeon.
             The game lasted 00:22:50 (7053 turns).

Norn the Changer (Red Draconian Transmuter)         Turns: 7053, Time: 00:22:51

Health: -18/69     AC:  2    Str: 12    XL:     8   Next: 47%
Magic:  20/20      EV: 23    Int: 16    God:    Makhleb [**....]
Gold:   242        SH:  0    Dex: 17    Spells: 5/11 levels left

rFire    + . .     SeeInvis .     - Unarmed
rCold    . . .     Gourm    .   (shield currently unavailable)
rNeg     . . .     Faith    .   (armour unavailable)
rPois    x         Spirit   .   (helmet currently unavailable)
rElec    .         Reflect  .   (cloak currently unavailable)
rCorr    .         Harm     .   (gloves currently unavailable)
MR       .....                  (boots currently unavailable)
Stlth    ++........             (no amulet)
HPRegen  0.21/turn              i - ring of protection from fire
MPRegen  0.17/turn              d - ring of magical power

@: spider-form (expiring)
A: tiny, (breathe fire), unfitting armour, AC +6
a: End Transformation, Minor Destruction, Renounce Religion


You were on level 6 of the Dungeon.
You worshipped Makhleb.
Makhleb was pleased with you.
You were very hungry.
You were a venomous arachnid creature.
You visited 1 branch of the dungeon, and saw 6 of its levels.

You collected 242 gold pieces.

Inventory:

Missiles
 a - 128 arrows
 b - 25 sling bullets
 u - 61 stones (quivered)
Armour
 m - a +2 pair of boots (melded)
   (You found it on level 1 of the Dungeon)
Jewellery
 d - a ring of magical power (right front leg)
   (You found it on level 1 of the Dungeon)
 i - a ring of protection from fire (left front leg)
   (You took it off an orc on level 4 of the Dungeon)
 y - an uncursed ring of protection from fire
   (You found it on level 5 of the Dungeon)
Scrolls
 o - a scroll of fear
 r - a scroll of remove curse {@r2}
 s - a scroll of blinking {unknown}
 v - a scroll of enchant weapon {unknown}
 w - 3 scrolls of teleportation {@r4}
 x - a scroll of noise {unknown}
 A - a scroll of identify {unknown}
Potions
 c - 2 potions of agility
 f - a potion of flight {unknown}
 g - 2 potions of mutation {unknown}
 h - 3 potions of cancellation {unknown}
 j - a potion of magic {unknown}
 k - a potion of haste {unknown}
 l - a potion of degeneration {unknown}
 n - a potion of heal wounds {unknown}
 p - a potion of ambrosia {unknown}
 q - a potion of lignification {unknown}
 t - 3 potions of brilliance {unknown}
 z - a potion of curing {unknown}
Comestibles
 e - 6 rations {!d}


   Skills:
 + Level 5.5 Fighting
 + Level 4.9 Dodging
 - Level 5.5 Unarmed Combat
 - Level 2.0 Spellcasting
 + Level 6.3 Transmutations


You had 5 spell levels left.
You knew the following spells:

 Your Spells              Type           Power        Failure   Level  Hunger
a - Beastly Appendage     Tmut           ###...       7%          1    #......
s - Sticks to Snakes      Tmut           ###.....     9%          2    ###....
x - Spider Form           Tmut/Pois      ##........   36%         3    ###....

Your spell library contained the following spells:

 Spells                   Type           Power        Failure   Level  Hunger
 Blade Hands              Tmut           ###.......   61%         5    ######.
 Ice Form                 Ice/Tmut       ##......     71%         4    #####..


Dungeon Overview and Level Annotations

Branches:
Dungeon (6/15)             Temple (0/1) D:4

Altars:
Dithmenos
Elyvilon
Hepliaklqana
Makhleb
Trog
Xom
Zin

Shops:
D:4 *(

Annotations:
D:5 2 runed translucent doors, Tutankhamun's ghost, novice FoFi


Innate Abilities, Weirdness & Mutations

((You can breathe blasts of fire.))
((Your fiery red scales are hard. (AC +6)))
You cannot fit into any form of body armour.
((Your flesh is heat resistant. (rF+)))
((You are cold-blooded and may be slowed by cold attacks.))


Message History

You feel sick.
You kill the worker ant!
Makhleb accepts your kill.
You feel better.
You start resting.
You feel sick.
Your transformation has ended.
Your +2 pair of boots unmelds from your body.
You feel sick.
You start resting.
You feel sick. x3
You start resting.
You feel sick. x5
You are no longer poisoned.
The orc wizard shouts!
You hear a shout!
You start resting.
The orc wizard is too close now for your liking.
You turn into a venomous arachnid creature.
Your +2 pair of boots melds into your body.
The orc warrior shouts!
The orc wizard misses you.
You hit the orc wizard.
The orc wizard is poisoned.
The orc wizard misses you.
You bite the orc wizard!
You kill the orc wizard!
Makhleb accepts your kill.
You feel better. The orc warrior closely misses you.
Things that are here:
a cursed -2 dagger; a +0 robe You hit the orc warrior but do no damage.
The orc warrior hits you with a +0 trident.
You hit the orc warrior but do no damage.
The orc warrior is poisoned.
The orc warrior hits you with a +0 trident!
You barely miss the orc warrior.
You are feeling very hungry.
You hit the orc warrior but do no damage.
The orc warrior hits you with a +0 trident!
You hit the orc warrior but do no damage.
The orc warrior looks as sick as possible!
The orc warrior hits you with a +0 trident!!
* * * LOW HITPOINT WARNING * * *
The orc warrior hits you from afar with a +0 trident!
* * * LOW HITPOINT WARNING * * *
The orc warrior throws a tomahawk.
The tomahawk closely misses you.
You see here a tomahawk.
Okay, then.
The orc warrior throws a tomahawk.
The tomahawk misses you.
You see here a tomahawk.
Your transformation is almost over.
The orc warrior throws a tomahawk.
The tomahawk hits you!!
You die...

#...#............# # ...##
####.......##. #.##.#.#.#.#
+......###.#######).....#.#.#
######## #.#..o(.o....###.#.#
#.##(######### # #.# #.##.#
#.##.# #.##.# #.##s# #.##.#
#.##.# #.##.# #.##.#
############.##.#
#.........##.##.#
#...............#
#...............#


You could see an orc warrior.

Vanquished Creatures
  Prince Ribbit (D:5)
  An ice beast (D:5)
  2 phantoms
  2 ogres (D:4)
  A centaur (D:5)
  A howler monkey (D:5)
  A crimson imp (D:5)
  An orc priest (D:4)
  Terence (D:3)
  Ijyb (D:5)
  6 orc wizards
  3 worker ants
  A worker ant zombie (D:5)
  A howler monkey skeleton (D:5)
  7 adders
  9 worms
  7 dart slugs
  2 leopard geckos
  18 orcs
  10 bats
  4 giant cockroaches
  5 hobgoblins
  13 jackals
  5 kobolds
  3 quokkas
  A ball python (D:5)
  5 frilled lizards
  9 goblins
  6 rats
127 creatures vanquished.

Vanquished Creatures (collateral kills)
  Grinder (D:3)
  A rat (D:3)
2 creatures vanquished.

Grand Total: 129 creatures vanquished

Notes
Turn   | Place    | Note
-------+----------+-------------------------------------------
     0 | D:1      | Norn the Draconian Transmuter began the quest for the Orb.
     0 | D:1      | Reached XP level 1. HP: 16/16 MP: 3/3
   243 | D:1      | Reached XP level 2. HP: 13/23 MP: 5/5
  1063 | D:1      | Reached XP level 3. HP: 28/28 MP: 4/6
  1760 | D:2      | Learned a level 2 spell: Sticks to Snakes
  2024 | D:2      | Found a shadowy altar of Dithmenos.
  2030 | D:2      | Found a white marble altar of Elyvilon.
  2031 | D:2      | Found a burning altar of Makhleb.
  2042 | D:2      | Became a worshipper of Makhleb the Destroyer
  2315 | D:2      | Reached XP level 4. HP: 35/35 MP: 5/7
  2640 | D:2      | Reached skill level 3 in Transmutations
  2874 | D:2      | Learned a level 3 spell: Spider Form
  3083 | D:3      | Noticed Grinder
  3242 | D:3      | Paralysed by Grinder for 7 turns
  3409 | D:3      | Paralysed by Grinder for 5 turns
  3411 | D:3      | Killed Grinder
  3411 | D:3      | Reached skill level 5 in Unarmed Combat
  3411 | D:3      | Reached XP level 5. HP: 29/40 MP: 2/8
  3515 | D:3      | Noticed Terence
  3527 | D:3      | Killed Terence
  3646 | D:3      | Reached * piety under Makhleb
  3715 | D:3      | Reached XP level 6. HP: 47/47 MP: 5/9
  3816 | D:3      | Reached skill level 4 in Transmutations
  3971 | D:3      | Found a bloodstained altar of Trog.
  3989 | D:4      | Found Huggyuf's Antique Weapon Boutique.
  5039 | D:4      | Found a glowing silver altar of Zin.
  5114 | D:4      | Found a staircase to the Ecumenical Temple.
  5174 | D:4      | Found a shimmering altar of Xom.
  5175 | D:4      | Found a hazy altar of Hepliaklqana.
  5175 | D:4      | Noticed a wyvern
  5176 | D:4      | Noticed a wyvern
  5176 | D:4      | Noticed a spectral ugly thing
  5275 | D:4      | Found Qiureghi's Lightly-Used Armoury.
  5562 | D:4      | Your scales start taking on a fiery red colour.
  5562 | D:4      | Reached XP level 7. HP: 57/57 MP: 4/10
  5562 | D:4      | Gained mutation: Your flesh is heat resistant. (rF+) [Red
                  | Draconian growth]
  5621 | D:4      | Reached skill level 5 in Transmutations
  5705 | D:5      | Entered Level 5 of the Dungeon
  5908 | D:5      | Found a runed translucent door.
  5970 | D:5      | Noticed Prince Ribbit
  5990 | D:5      | Killed Prince Ribbit
  5990 | D:5      | Reached XP level 8. HP: 67/67 MP: 5/11
  6043 | D:5      | Reached ** piety under Makhleb
  6096 | D:5      | Noticed Ijyb
  6166 | D:5      | Killed Ijyb
  6264 | D:5      | Reached skill level 5 in Fighting
  6264 | D:5      | Reached skill level 6 in Transmutations
  6334 | D:5      | Noticed Tutankhamun's ghost (novice FoFi)
  6486 | D:5      | Found a runed translucent door.
  7045 | D:6      | HP: 1/69 [orc warrior/+0 trident (14)]
  7053 | D:6      | Hit by a tomahawk thrown by an orc warrior

Skill      XL: |  1  2  3  4  5  6  7  8 |
---------------+-------------------------+-----
Unarmed Combat | 4 5 |  5.5
Transmutations | 3 4 5 6 |  6.3
Dodging        | 2 3 4 |  4.9
Fighting       | 3 4 5 |  5.5
Spellcasting   | |  2.0

Action                   |  1- 3 |  4- 6 |  7- 9 || total
-------------------------+-------+-------+-------++-------
Melee: Unarmed           |   148 |   179 |   130 ||   457
       Kick              |     7 |       |       ||     7
       Tailslap          |    13 |     7 |     5 ||    25
       Headbutt          |    12 |     6 |       ||    18
       Punch             |       |     1 |     1 ||     2
 Cast: Beastly Appendage |    21 |     6 |       ||    27
       Sticks to Snakes  |     1 |     9 |       ||    10
       Spider Form       |       |    20 |    17 ||    37
 Abil: End Transformatio |       |       |     1 ||     1
  Use: Scroll            |     1 |     5 |       ||     6
 Stab: Sleeping          |     1 |       |       ||     1
       Distracted        |       |     1 |       ||     1
  Eat: Chunk             |     5 |    10 |     4 ||    19
       Ration            |       |     1 |     1 ||     2
Armor: Skin              |    46 |    25 |    11 ||    82
Dodge: Dodged            |    74 |   124 |    98 ||   296
